Avalanche vs Lightning
(R1)
Created - December 22, 2021 at 20:28
Goals
|
| Avalanche |
1 |
0 |
1 |
2 |
| Lightning |
1 |
1 |
2 |
4 |
|
Shots
|
| Avalanche |
12 |
3 |
11 |
26 |
| Lightning |
17 |
7 |
13 |
37 |
|
1st period
1. Avalanche , Patric Hornqvist 5 (Mikkel Boedker 6, Jarred Tinordi 1) at 1:57
2. Lightning , Nick Bjugstad 4 (Mark Scheifele 5, Kevin Shattenkirk 10) at 16:06
Penalties :
Kevin Shattenkirk (T.B) for Tripping (Minor) at 8:30
2nd period
3. Lightning , Kyle Clifford 6 (Shayne Gostisbehere 6, Brandon Sutter 4) at 8:23 (PP)
Penalties :
Mark Scheifele (T.B) for Hooking (Minor) at 0:09, Bryan Little (Col) for Hooking (Minor) at 8:13, Erik Karlsson (Col) for Hooking (Minor) at 10:32, Nick Bjugstad (T.B) for Goalie Interference (Minor) at 11:45, Mattias Ekholm (Col) for Holding (Minor) at 16:43
3rd period
4. Lightning , Oscar Sundqvist 1 (Jimmy Vesey 2) at 0:52
5. Lightning , Jimmy Vesey 5 (Conor Sheary 1) at 1:47
6. Avalanche , Marc Staal 2 (Mikkel Boedker 7, Bryan Little 6) at 11:46 (PP)
Penalties :
Patric Hornqvist (Col) for Boarding (Minor) at 1:52, Brent Seabrook (T.B) for Hooking (Minor) at 5:13, Brent Seabrook (T.B) for Hooking (Minor) at 11:39
Goalie Stats
Cam Ward (Col), 33 saves from 37 shots - (0.892), L, 1-4-1, 60:00 minutes
Alex Nedeljkovic (T.B), 24 saves from 26 shots - (0.923), W, 2-0-0, 60:00 minutes
Players Stats for Avalanche
Player Name G A P +/- PIM S H SB GA TA FO MP PP MP PK MP
------------------------------------------------------------------------------------
Bryan Little 0 1 1 0 2 0 1 0 0 2 18/26 21:16 3:50 1:47
Charlie Coyle 0 0 0 0 0 2 1 0 0 0 7/14 18:12 3:28 0:42
Colten Teubert 0 0 0 0 0 1 1 2 0 1 0/0 12:37 0:00 0:03
Erik Karlsson 0 0 0 0 2 0 0 1 1 1 0/0 19:10 2:51 1:41
Evgeny Dadonov 0 0 0 0 0 2 4 0 0 0 0/0 17:12 3:27 0:00
Jack Johnson 0 0 0 -2 0 1 2 0 0 2 0/0 28:08 4:27 3:08
James Van Riemsdyk 0 0 0 -2 0 1 0 1 0 0 0/0 12:04 0:00 1:28
Jarred Tinordi 0 1 1 0 0 0 0 0 0 0 0/0 13:18 0:00 1:23
Kyle Turris 0 0 0 0 0 1 0 0 1 0 2/4 6:59 0:00 0:00
Luke Witkowski 0 0 0 -2 0 3 2 0 0 0 0/1 10:27 0:00 0:00
Marc Staal 1 0 1 -2 0 3 1 0 0 1 0/0 27:49 4:27 3:05
Martin Samuelsson 0 0 0 0 0 0 0 0 0 0 0/0 7:27 0:00 0:28
Mattias Ekholm 0 0 0 0 2 0 0 3 0 1 0/0 18:57 2:50 1:22
Mikkel Boedker 0 2 2 0 0 4 3 2 0 1 4/6 22:44 3:49 3:01
Nick Cousins 0 0 0 0 0 1 0 1 0 0 0/0 6:59 0:00 0:00
Patric Hornqvist 1 0 1 0 2 6 0 2 0 0 2/4 21:43 3:49 2:00
Tomas Fleischmann 0 0 0 0 0 0 1 1 0 0 0/0 17:04 3:27 0:00
Vincent Trocheck 0 0 0 -2 0 1 1 0 0 0 3/5 11:43 0:00 1:16
Players Stats for Lightning
Player Name G A P +/- PIM S H SB GA TA FO MP PP MP PK MP
------------------------------------------------------------------------------------
Brandon Sutter 0 1 1 0 0 2 0 0 1 0 6/8 18:09 2:46 2:52
Brent Seabrook 0 0 0 0 4 0 1 1 0 0 0/0 19:06 0:00 2:43
Cody Goloubef 0 0 0 1 0 0 0 1 0 0 0/0 11:51 0:00 2:00
Conor Sheary 0 1 1 1 0 4 2 0 1 0 1/1 13:40 2:33 0:00
James Neal 0 0 0 0 0 1 2 0 2 0 0/0 12:39 0:16 0:00
Jesper Fast 0 0 0 0 0 1 0 0 0 0 0/0 7:14 0:00 0:00
Jimmy Vesey 1 1 2 1 0 4 1 0 0 0 1/2 13:40 0:03 2:14
Joni Pitkanen 0 0 0 1 0 0 1 0 0 1 0/0 12:52 2:18 0:00
Justin Schultz 0 0 0 0 0 2 0 1 0 0 0/0 22:34 2:18 3:16
Kevin Shattenkirk 0 1 1 1 2 4 2 2 0 0 0/0 26:07 3:03 2:34
Kyle Clifford 1 0 1 0 0 1 1 2 0 0 1/2 19:52 2:46 3:46
Mark Scheifele 0 1 1 1 2 1 1 0 1 0 9/33 21:54 2:31 2:46
Nathan Gerbe 0 0 0 0 0 1 0 0 1 0 1/2 7:54 0:04 0:33
Nick Bjugstad 1 0 1 1 2 3 0 0 0 0 2/3 18:04 2:31 0:00
Ondrej Palat 0 0 0 0 0 0 0 0 0 0 0/1 7:43 0:00 0:34
Oscar Sundqvist 1 0 1 1 0 7 1 0 0 0 2/7 11:07 0:00 0:00
Shayne Gostisbehere 0 1 1 1 0 3 2 1 1 1 0/0 27:35 3:03 4:01
Tyler Toffoli 0 0 0 1 0 3 1 0 2 0 1/1 19:51 2:32 1:49
3 Stars
1 - Jimmy Vesey (T.B)
2 - Oscar Sundqvist (T.B)
3 - Kyle Clifford (T.B)
Power Play
Avalanche - 1 on 5 Attempt(s) - 20.00%
Lightning - 1 on 4 Attempt(s) - 25.00%
Penalty Kill
Avalanche - 3 on 4 Attempt(s) - 75.00%
- Score 0 goal in Penalty Kill
Lightning - 4 on 5 Attempt(s) - 80.00%
- Score 0 goal in Penalty Kill
Team Stat
Avalanche - Hits : 17 - Faceoff Wins : 36 - Blocked Shots : 13 - Penalty Minutes : 8
Lightning - Hits : 15 - Faceoff Wins : 24 - Blocked Shots : 8 - Penalty Minutes : 10
Official
Referees : Jacob Brenk and Steve Kozari
Linesman : Kory Nagy and Ryan Gibbons
Game Notes
No Game Note
Finance
Level 1 -- Attendance: 5871 (97.85%) -- Ticket Income $587,100
Level 2 -- Attendance: 5000 (100.00%) -- Ticket Income $300,000
Level 3 -- Attendance: 2000 (100.00%) -- Ticket Income $70,000
Level 4 -- Attendance: 4000 (100.00%) -- Ticket Income $100,000
Luxury Box -- Attendance: 989 (98.90%) -- Ticket Income $197,800
Game was played at the Amalie Arena.
Total Attendance: 17860 (99.22%)
Total Ticket Income: $1,254,900
Other Income: $188,235
Total Income: $1,443,135
Avalanche
5 vs 5 Forward
Center Left Wing Right Wing Time % Phy DF OF
1 Bryan Little Mikkel Boedker Patric Hornqvist 40 1 2 2
2 Charlie Coyle Tomas Fleischmann Evgeny Dadonov 30 1 2 2
3 Vincent Trocheck James Van Riemsdyk Luke Witkowski 20 1 2 2
4 Kyle Turris Martin Samuelsson Nick Cousins 10 1 2 2
5 vs 5 Defense
Defense Defense Time % Phy DF OF
1 Jack Johnson Marc Staal 40 1 2 2
2 Erik Karlsson Mattias Ekholm 30 1 2 2
3 Colten Teubert Jarred Tinordi 20 1 2 2
4 Jack Johnson Marc Staal 10 1 2 2
PowerPlay Forward
Center Left Wing Right Wing Time % Phy DF OF
1 Bryan Little Mikkel Boedker Patric Hornqvist 60 1 2 2
2 Charlie Coyle Tomas Fleischmann Evgeny Dadonov 40 1 2 2
PowerPlay Defense
Defense Defense Time % Phy DF OF
1 Jack Johnson Marc Staal 60 1 2 2
2 Erik Karlsson Mattias Ekholm 40 1 2 2
Penalty Kill 4 Players Forward
Center Wing Time % Phy DF OF
1 Mikkel Boedker Patric Hornqvist 60 1 2 2
2 Bryan Little Charlie Coyle 40 1 2 2
Penalty Kill 4 Players Defense
Defense Defense Time % Phy DF OF
1 Jack Johnson Marc Staal 60 1 2 2
2 Erik Karlsson Mattias Ekholm 40 1 2 2
Penalty Kill - 3 Players Forward
Forward Time % Phy DF OF
1 Mikkel Boedker 60 1 2 2
2 Patric Hornqvist 40 1 2 2
Penalty Kill - 3 Players Defense
Defense Defense Time % Phy DF OF
1 Jack Johnson Marc Staal 60 1 2 2
2 Erik Karlsson Mattias Ekholm 40 1 2 2
4 vs 4 Forward
Center Wing Time % Phy DF OF
1 Mikkel Boedker Patric Hornqvist 60 1 2 2
2 Bryan Little Charlie Coyle 40 1 2 2
4 vs 4 Defense
Defense Defense Time % Phy DF OF
1 Jack Johnson Marc Staal 60 1 2 2
2 Erik Karlsson Mattias Ekholm 40 1 2 2
Last Minutes Offensive
Center Left Wing Right Wing Defense Defense
Bryan Little Mikkel Boedker Patric Hornqvist Jack Johnson Marc Staal
Last Minutes Defensive
Center Left Wing Right Wing Defense Defense
Bryan Little Mikkel Boedker Patric Hornqvist Jack Johnson Marc Staal
Goaltenders
Starting : Cam Ward
Backup : Semyon Varlamov
Extra Forwards
Normal : Luke Witkowski, James Van Riemsdyk, Vincent Trocheck - PP : Luke Witkowski, James Van Riemsdyk - PK : Vincent Trocheck
Extra Defensemen
Normal : Colten Teubert, Jarred Tinordi, Erik Karlsson - PP : Colten Teubert - PK : Jarred Tinordi, Erik Karlsson
Penalty Shots
Mikkel Boedker, Patric Hornqvist, Bryan Little, Charlie Coyle, Evgeny Dadonov
Scratches
None
Lightning
5 vs 5 Forward
Center Left Wing Right Wing Time % Phy DF OF
1 Mark Scheifele Tyler Toffoli Nick Bjugstad 40 1 2 2
2 Brandon Sutter Kyle Clifford James Neal 30 1 2 2
3 Oscar Sundqvist Jimmy Vesey Conor Sheary 20 1 2 2
4 Nathan Gerbe Ondrej Palat Jesper Fast 10 1 2 2
5 vs 5 Defense
Defense Defense Time % Phy DF OF
1 Kevin Shattenkirk Shayne Gostisbehere 45 1 2 2
2 Justin Schultz Brent Seabrook 35 1 2 2
3 Joni Pitkanen Cody Goloubef 15 1 2 2
4 Kevin Shattenkirk Shayne Gostisbehere 5 1 2 2
PowerPlay Forward
Center Left Wing Right Wing Time % Phy DF OF
1 Mark Scheifele Tyler Toffoli Nick Bjugstad 60 1 1 3
2 Brandon Sutter Kyle Clifford Conor Sheary 40 1 1 3
PowerPlay Defense
Defense Defense Time % Phy DF OF
1 Kevin Shattenkirk Shayne Gostisbehere 60 0 2 3
2 Justin Schultz Joni Pitkanen 40 1 2 2
Penalty Kill 4 Players Forward
Center Wing Time % Phy DF OF
1 Mark Scheifele Kyle Clifford 60 1 2 2
2 Brandon Sutter Tyler Toffoli 40 1 2 2
Penalty Kill 4 Players Defense
Defense Defense Time % Phy DF OF
1 Kevin Shattenkirk Shayne Gostisbehere 60 1 2 2
2 Justin Schultz Brent Seabrook 40 1 2 2
Penalty Kill - 3 Players Forward
Forward Time % Phy DF OF
1 Mark Scheifele 60 1 2 2
2 Brandon Sutter 40 1 2 2
Penalty Kill - 3 Players Defense
Defense Defense Time % Phy DF OF
1 Kevin Shattenkirk Brent Seabrook 60 1 2 2
2 Justin Schultz Shayne Gostisbehere 40 1 2 2
4 vs 4 Forward
Center Wing Time % Phy DF OF
1 Mark Scheifele Kyle Clifford 60 1 2 2
2 Brandon Sutter Nick Bjugstad 40 1 2 2
4 vs 4 Defense
Defense Defense Time % Phy DF OF
1 Kevin Shattenkirk Shayne Gostisbehere 60 1 2 2
2 Justin Schultz Brent Seabrook 40 1 2 2
Last Minutes Offensive
Center Left Wing Right Wing Defense Defense
Mark Scheifele Kyle Clifford Nick Bjugstad Kevin Shattenkirk Shayne Gostisbehere
Last Minutes Defensive
Center Left Wing Right Wing Defense Defense
Mark Scheifele Kyle Clifford Nick Bjugstad Kevin Shattenkirk Justin Schultz
Goaltenders
Starting : Alex Nedeljkovic
Backup : Jimmy Howard
Extra Forwards
Normal : Mark Scheifele, Kyle Clifford, Jimmy Vesey - PP : Brandon Sutter, Tyler Toffoli - PK : Jimmy Vesey
Extra Defensemen
Normal : Shayne Gostisbehere, Joni Pitkanen, Cody Goloubef - PP : Shayne Gostisbehere - PK : Cody Goloubef, Brent Seabrook
Penalty Shots
Kyle Clifford, Mark Scheifele, Conor Sheary, Nick Bjugstad, Jimmy Vesey
Scratches
Alex Killorn (Healthy), Colby Armstrong (Healthy)
% Time on Ice - Avalanche
Lines # - Real PCT - Wanted PCT - Time Play
Normal Forward
1 - 33% - 40% - 15:25
2 - 30% - 30% - 14:04
3 - 22% - 20% - 10:08
4 - 15% - 10% - 6:59
Normal Defense
1 - 40% - 40% - 18:25
2 - 33% - 30% - 15:10
3 - 26% - 20% - 11:55
4 - 2% - 10% - 1:06
PP Forward
1 - 52% - 60% - 3:49
2 - 48% - 40% - 3:28
PP Defense
1 - 61% - 60% - 4:27
2 - 39% - 40% - 2:50
PK Forward
1 - 88% - 60% - 4:41
2 - 12% - 40% - 0:40
PK Defense
1 - 58% - 60% - 3:05
2 - 42% - 40% - 2:16
PK3 Forward
1 - 0% - 60%
2 - 0% - 40%
PK3 Defense
1 - 0% - 60%
2 - 0% - 40%
44 Forward
1 - 65% - 60% - 0:30
2 - 35% - 40% - 0:16
44 Defense
1 - 100% - 60% - 0:46
2 - 0% - 40% - 0:00
Last Minute Offensive - 0:00
Last Minute Defensive - 0:00
Total
Forward - 60:00
Defense - 60:00
|
% Time on Ice - Lightning
Lines # - Real PCT - Wanted PCT - Time Play
Normal Forward
1 - 34% - 40% - 15:37
2 - 27% - 30% - 12:43
3 - 24% - 20% - 11:07
4 - 15% - 10% - 7:09
Normal Defense
1 - 42% - 45% - 19:30
2 - 37% - 35% - 17:17
3 - 21% - 15% - 9:34
4 - 1% - 5% - 0:15
PP Forward
1 - 48% - 60% - 2:35
2 - 52% - 40% - 2:46
PP Defense
1 - 57% - 60% - 3:03
2 - 43% - 40% - 2:18
PK Forward
1 - 75% - 60% - 5:28
2 - 25% - 40% - 1:49
PK Defense
1 - 55% - 60% - 4:01
2 - 45% - 40% - 3:16
PK3 Forward
1 - 0% - 60%
2 - 0% - 40%
PK3 Defense
1 - 0% - 60%
2 - 0% - 40%
44 Forward
1 - 100% - 60% - 0:46
2 - 0% - 40% - 0:00
44 Defense
1 - 100% - 60% - 0:46
2 - 0% - 40% - 0:00
Last Minute Offensive - 0:00
Last Minute Defensive - 0:00
Total
Forward - 60:00
Defense - 60:00
|
Play-by-Play
1st period
0:01 of 1st period - Tyler Toffoli wins face-off versus Bryan Little in neutral zone.
0:04 of 1st period - Jack Johnson is hit by Kevin Shattenkirk.
0:08 of 1st period - Slapshot by Mark Scheifele.
0:08 of 1st period - Shot Misses the Net.
0:35 of 1st period - Snap shot by Evgeny Dadonov.
0:35 of 1st period - Shot Blocked by Kevin Shattenkirk.
0:55 of 1st period - Wrist shot by Kevin Shattenkirk.
0:55 of 1st period - Stopped by Cam Ward without a rebound.
0:56 of 1st period - Kyle Turris wins face-off versus Nathan Gerbe in Avalanche zone.
1:24 of 1st period - Snap shot by Patric Hornqvist.
1:24 of 1st period - Stopped by Alex Nedeljkovic with a rebound.
1:37 of 1st period - Icing by Bryan Little.
1:38 of 1st period - Jimmy Vesey wins face-off versus Bryan Little in Avalanche zone.
1:41 of 1st period - Slapshot by Conor Sheary.
1:41 of 1st period - Stopped by Cam Ward with a rebound.
1:49 of 1st period - Wrist shot by Patric Hornqvist.
1:49 of 1st period - Shot Blocked by Cody Goloubef.
1:57 of 1st period - Snap shot by Patric Hornqvist.
1:57 of 1st period - Goal by Patric Hornqvist - Avalanche : 1 - Lightning : 0.
1:58 of 1st period - Brandon Sutter wins face-off versus Charlie Coyle in neutral zone.
2:12 of 1st period - Slapshot by James Neal.
2:12 of 1st period - Stopped by Cam Ward without a rebound.
2:13 of 1st period - Vincent Trocheck wins face-off versus Mark Scheifele in Avalanche zone.
3:28 of 1st period - Wrist shot by Mark Scheifele.
3:28 of 1st period - Shot Misses the Net.
4:20 of 1st period - Wrist shot by Charlie Coyle.
4:20 of 1st period - Stopped by Alex Nedeljkovic with a rebound.
4:22 of 1st period - Slapshot by Colten Teubert.
4:22 of 1st period - Deflect By Kyle Clifford.
4:22 of 1st period - Stopped by Alex Nedeljkovic with a rebound.
4:36 of 1st period - Wrist shot by Conor Sheary.
4:36 of 1st period - Shot Misses the Net.
4:40 of 1st period - Snap shot by Oscar Sundqvist.
4:40 of 1st period - Shot Misses the Net.
4:42 of 1st period - Snap shot by Conor Sheary.
4:42 of 1st period - Stopped by Cam Ward without a rebound.
4:43 of 1st period - Nick Bjugstad wins face-off versus Charlie Coyle in Avalanche zone.
5:12 of 1st period - Icing by Mark Scheifele.
5:13 of 1st period - Kyle Clifford wins face-off versus Bryan Little in Lightning zone.
5:46 of 1st period - Brandon Sutter is hit by Mikkel Boedker and loses puck.
6:05 of 1st period - Snap shot by Kyle Clifford.
6:05 of 1st period - Deflect By James Neal.
6:05 of 1st period - Shot Misses the Net.
6:05 of 1st period - Puck is out of play.
6:06 of 1st period - Vincent Trocheck wins face-off versus Mark Scheifele in Avalanche zone.
6:06 of 1st period - Vincent Trocheck is hit by Tyler Toffoli.
6:16 of 1st period - Slapshot by Jack Johnson.
6:16 of 1st period - Stopped by Alex Nedeljkovic without a rebound.
6:17 of 1st period - Mark Scheifele wins face-off versus Charlie Coyle in Lightning zone.
6:32 of 1st period - Slapshot by Marc Staal.
6:32 of 1st period - Stopped by Alex Nedeljkovic without a rebound.
6:33 of 1st period - Conor Sheary wins face-off versus Vincent Trocheck in Lightning zone.
7:46 of 1st period - Snap shot by Conor Sheary.
7:46 of 1st period - Stopped by Cam Ward with a rebound.
7:48 of 1st period - Wrist shot by Conor Sheary.
7:48 of 1st period - Stopped by Cam Ward with a rebound.
7:52 of 1st period - Slapshot by Oscar Sundqvist.
7:52 of 1st period - Stopped by Cam Ward without a rebound.
7:53 of 1st period - Kyle Turris wins face-off versus Oscar Sundqvist in Avalanche zone.
7:53 of 1st period - Erik Karlsson is hit by Conor Sheary and loses puck.
7:58 of 1st period - Snap shot by Kevin Shattenkirk.
7:58 of 1st period - Stopped by Cam Ward with a rebound.
8:00 of 1st period - Wrist shot by Oscar Sundqvist.
8:00 of 1st period - Stopped by Cam Ward with a rebound.
8:02 of 1st period - Wrist shot by Oscar Sundqvist.
8:02 of 1st period - Stopped by Cam Ward with a rebound.
8:04 of 1st period - Snap shot by Shayne Gostisbehere.
8:04 of 1st period - Shot Blocked by Mattias Ekholm.
8:06 of 1st period - Slapshot by Kevin Shattenkirk.
8:06 of 1st period - Deflect By Erik Karlsson.
8:06 of 1st period - Stopped by Cam Ward without a rebound.
8:07 of 1st period - Bryan Little wins face-off versus Mark Scheifele in Avalanche zone.
8:30 of 1st period - Minor Penalty to Kevin Shattenkirk for Tripping.
8:31 of 1st period - Bryan Little wins face-off versus Mark Scheifele in Lightning zone.
8:36 of 1st period - Snap shot by Bryan Little.
8:36 of 1st period - Shot Misses the Net.
8:38 of 1st period - Wrist shot by Bryan Little.
8:38 of 1st period - Shot Blocked by Kyle Clifford.
8:40 of 1st period - Slapshot by Jack Johnson.
8:40 of 1st period - Shot Blocked by Kyle Clifford.
8:42 of 1st period - Snap shot by Patric Hornqvist.
8:42 of 1st period - Stopped by Alex Nedeljkovic with a rebound.
8:55 of 1st period - Icing by Patric Hornqvist.
8:56 of 1st period - Bryan Little wins face-off versus Mark Scheifele in Avalanche zone.
10:30 of 1st period - Penalty to Kevin Shattenkirk is over, Kevin Shattenkirk is back on ice.
10:57 of 1st period - Jarred Tinordi is hit by Joni Pitkanen.
11:18 of 1st period - Joni Pitkanen is hit by Mikkel Boedker and loses puck.
12:13 of 1st period - Kevin Shattenkirk is hit by Evgeny Dadonov and loses puck.
12:55 of 1st period - Snap shot by Kyle Clifford.
12:55 of 1st period - Deflect By Luke Witkowski.
12:55 of 1st period - Shot Misses the Net.
12:55 of 1st period - Puck is out of play.
12:56 of 1st period - Brandon Sutter wins face-off versus Vincent Trocheck in Avalanche zone.
13:36 of 1st period - Snap shot by Kyle Clifford.
13:36 of 1st period - Shot Misses the Net.
13:38 of 1st period - Slapshot by Justin Schultz.
13:38 of 1st period - Stopped by Cam Ward with a rebound.
14:07 of 1st period - Snap shot by James Van Riemsdyk.
14:07 of 1st period - Shot Blocked by Brent Seabrook.
14:16 of 1st period - Off-side.
14:17 of 1st period - Mikkel Boedker wins face-off versus Mark Scheifele in neutral zone.
14:21 of 1st period - Erik Karlsson is hit by Shayne Gostisbehere and loses puck.
14:48 of 1st period - Slapshot by Jimmy Vesey.
14:48 of 1st period - Stopped by Cam Ward with a rebound.
14:50 of 1st period - Slapshot by Shayne Gostisbehere.
14:50 of 1st period - Stopped by Cam Ward without a rebound.
14:51 of 1st period - Oscar Sundqvist wins face-off versus Charlie Coyle in Avalanche zone.
15:22 of 1st period - Snap shot by Mikkel Boedker.
15:22 of 1st period - Deflect By Patric Hornqvist.
15:22 of 1st period - Stopped by Alex Nedeljkovic with a rebound.
15:44 of 1st period - Snap shot by Nick Cousins.
15:44 of 1st period - Shot Misses the Net.
15:46 of 1st period - Slapshot by Erik Karlsson.
15:46 of 1st period - Deflect By Kyle Turris.
15:46 of 1st period - Shot Misses the Net.
15:46 of 1st period - Puck is out of play.
15:47 of 1st period - Nathan Gerbe wins face-off versus Kyle Turris in Lightning zone.
15:52 of 1st period - Snap shot by Shayne Gostisbehere.
15:52 of 1st period - Stopped by Cam Ward without a rebound.
15:53 of 1st period - Bryan Little wins face-off versus Mark Scheifele in Avalanche zone.
16:04 of 1st period - Wrist shot by Nick Bjugstad.
16:04 of 1st period - Shot Blocked by Mikkel Boedker.
16:06 of 1st period - Slapshot by Nick Bjugstad.
16:06 of 1st period - Goal by Nick Bjugstad - Avalanche : 1 - Lightning : 1.
16:07 of 1st period - Mark Scheifele wins face-off versus Charlie Coyle in neutral zone.
17:30 of 1st period - Snap shot by Vincent Trocheck.
17:30 of 1st period - Stopped by Alex Nedeljkovic without a rebound.
17:31 of 1st period - Bryan Little wins face-off versus Ondrej Palat in Lightning zone.
18:31 of 1st period - Snap shot by Kyle Turris.
18:31 of 1st period - Stopped by Alex Nedeljkovic without a rebound.
18:32 of 1st period - Bryan Little wins face-off versus Mark Scheifele in Lightning zone.
18:33 of 1st period - Snap shot by Mikkel Boedker.
18:33 of 1st period - Shot Misses the Net.
19:03 of 1st period - Slapshot by Shayne Gostisbehere.
19:03 of 1st period - Shot Blocked by Colten Teubert.
19:05 of 1st period - Slapshot by Shayne Gostisbehere.
19:05 of 1st period - Shot Blocked by Colten Teubert.
19:07 of 1st period - Slapshot by Shayne Gostisbehere.
19:07 of 1st period - Shot Misses the Net.
19:27 of 1st period - Wrist shot by Jimmy Vesey.
19:27 of 1st period - Stopped by Cam Ward without a rebound.
19:28 of 1st period - Bryan Little wins face-off versus Oscar Sundqvist in Avalanche zone.
19:35 of 1st period - Snap shot by Mikkel Boedker.
19:35 of 1st period - Stopped by Alex Nedeljkovic without a rebound.
19:36 of 1st period - Bryan Little wins face-off versus Mark Scheifele in Lightning zone.
19:37 of 1st period - Snap shot by Mikkel Boedker.
19:37 of 1st period - Shot Hit the Post.
19:39 of 1st period - Slapshot by Jack Johnson.
19:39 of 1st period - Shot Misses the Net.
19:41 of 1st period - Wrist shot by Patric Hornqvist.
19:41 of 1st period - Stopped by Alex Nedeljkovic with a rebound.
19:51 of 1st period - Snap shot by Mark Scheifele.
19:51 of 1st period - Shot Misses the Net.
Goals for this period are 1 for Avalanche vs 1 for Lightning.
Shots for this period are 12 for Avalanche vs 17 for Lightning.
2nd period
0:01 of 2nd period - Charlie Coyle wins face-off versus Mark Scheifele in neutral zone.
0:09 of 2nd period - Minor Penalty to Mark Scheifele for Hooking.
0:10 of 2nd period - Bryan Little wins face-off versus Jimmy Vesey in Lightning zone.
0:36 of 2nd period - Tomas Fleischmann is hit by Kyle Clifford and loses puck.
1:49 of 2nd period - Brent Seabrook is hit by Evgeny Dadonov and loses puck.
2:09 of 2nd period - Penalty to Mark Scheifele is over, Mark Scheifele is back on ice.
2:24 of 2nd period - Slapshot by Mark Scheifele.
2:24 of 2nd period - Shot Hit the Post.
3:53 of 2nd period - Shayne Gostisbehere is hit by Jack Johnson.
4:58 of 2nd period - Kyle Turris is hit by Brent Seabrook and loses puck.
6:12 of 2nd period - Vincent Trocheck is hit by James Neal and loses puck.
7:11 of 2nd period - Icing by Mark Scheifele.
7:12 of 2nd period - Mark Scheifele wins face-off versus Kyle Turris in Lightning zone.
7:46 of 2nd period - Snap shot by Mark Scheifele.
7:46 of 2nd period - Shot Misses the Net.
8:00 of 2nd period - Snap shot by Mark Scheifele.
8:00 of 2nd period - Shot Misses the Net.
8:02 of 2nd period - Snap shot by Mark Scheifele.
8:02 of 2nd period - Shot Blocked by Nick Cousins.
8:04 of 2nd period - Snap shot by Nick Bjugstad.
8:04 of 2nd period - Stopped by Cam Ward without a rebound.
8:05 of 2nd period - Brandon Sutter wins face-off versus Bryan Little in Avalanche zone.
8:13 of 2nd period - Minor Penalty to Bryan Little for Hooking.
8:14 of 2nd period - Brandon Sutter wins face-off versus Mikkel Boedker in Avalanche zone.
8:19 of 2nd period - Snap shot by Brandon Sutter.
8:19 of 2nd period - Stopped by Cam Ward with a rebound.
8:21 of 2nd period - Slapshot by Shayne Gostisbehere.
8:21 of 2nd period - Shot Blocked by Mikkel Boedker.
8:23 of 2nd period - Slapshot by Shayne Gostisbehere.
8:23 of 2nd period - Deflect By Kyle Clifford.
8:23 of 2nd period - Goal by Kyle Clifford - Avalanche : 1 - Lightning : 2.
8:24 of 2nd period - Patric Hornqvist wins face-off versus Mark Scheifele in neutral zone.
9:14 of 2nd period - Brent Seabrook is hit by Luke Witkowski and loses puck.
9:23 of 2nd period - Snap shot by Luke Witkowski.
9:23 of 2nd period - Stopped by Alex Nedeljkovic without a rebound.
9:24 of 2nd period - Bryan Little wins face-off versus Mark Scheifele in Lightning zone.
10:04 of 2nd period - Bryan Little is hit by Conor Sheary and loses puck.
10:32 of 2nd period - Minor Penalty to Erik Karlsson for Hooking.
10:33 of 2nd period - Mark Scheifele wins face-off versus Mikkel Boedker in Avalanche zone.
10:34 of 2nd period - Snap shot by Tyler Toffoli.
10:34 of 2nd period - Stopped by Cam Ward with a rebound.
10:36 of 2nd period - Slapshot by Justin Schultz.
10:36 of 2nd period - Stopped by Cam Ward with a rebound.
10:58 of 2nd period - Wrist shot by Brandon Sutter.
10:58 of 2nd period - Shot Blocked by Patric Hornqvist.
11:08 of 2nd period - Slapshot by Kevin Shattenkirk.
11:08 of 2nd period - Shot Misses the Net.
11:22 of 2nd period - Mattias Ekholm is hit by Kevin Shattenkirk and loses puck.
11:29 of 2nd period - Snap shot by Conor Sheary.
11:29 of 2nd period - Shot Blocked by Mattias Ekholm.
11:31 of 2nd period - Wrist shot by Brandon Sutter.
11:31 of 2nd period - Shot Blocked by Mattias Ekholm.
11:33 of 2nd period - Slapshot by Brandon Sutter.
11:33 of 2nd period - Shot Misses the Net.
11:35 of 2nd period - Slapshot by Joni Pitkanen.
11:35 of 2nd period - Deflect By Kyle Clifford.
11:35 of 2nd period - Shot Misses the Net.
11:35 of 2nd period - Puck is out of play.
11:36 of 2nd period - Mark Scheifele wins face-off versus Bryan Little in Avalanche zone.
11:45 of 2nd period - Minor Penalty to Nick Bjugstad for Goalie Interference.
11:46 of 2nd period - Mikkel Boedker wins face-off versus Mark Scheifele in Lightning zone.
11:49 of 2nd period - Snap shot by Mikkel Boedker.
11:49 of 2nd period - Stopped by Alex Nedeljkovic with a rebound.
12:32 of 2nd period - Penalty to Erik Karlsson is over, Erik Karlsson is back on ice.
12:39 of 2nd period - Off-side.
12:40 of 2nd period - Brandon Sutter wins face-off versus Charlie Coyle in neutral zone.
13:27 of 2nd period - Icing by Tomas Fleischmann.
13:28 of 2nd period - Charlie Coyle wins face-off versus Mark Scheifele in Avalanche zone.
13:45 of 2nd period - Penalty to Nick Bjugstad is over, Nick Bjugstad is back on ice.
15:00 of 2nd period - Icing by Tomas Fleischmann.
15:01 of 2nd period - Charlie Coyle wins face-off versus Oscar Sundqvist in Avalanche zone.
15:18 of 2nd period - Slapshot by Charlie Coyle.
15:18 of 2nd period - Stopped by Alex Nedeljkovic with a rebound.
15:47 of 2nd period - Snap shot by Oscar Sundqvist.
15:47 of 2nd period - Stopped by Cam Ward with a rebound.
16:01 of 2nd period - Tomas Fleischmann is hit by Oscar Sundqvist and loses puck.
16:18 of 2nd period - Snap shot by Jimmy Vesey.
16:18 of 2nd period - Shot Misses the Net.
16:20 of 2nd period - Snap shot by Oscar Sundqvist.
16:20 of 2nd period - Stopped by Cam Ward without a rebound.
16:21 of 2nd period - Bryan Little wins face-off versus Mark Scheifele in Avalanche zone.
16:43 of 2nd period - Minor Penalty to Mattias Ekholm for Holding.
16:44 of 2nd period - Mikkel Boedker wins face-off versus Mark Scheifele in Avalanche zone.
16:44 of 2nd period - Mikkel Boedker is hit by Mark Scheifele.
18:43 of 2nd period - Penalty to Mattias Ekholm is over, Mattias Ekholm is back on ice.
19:13 of 2nd period - Joni Pitkanen is hit by Charlie Coyle and loses puck.
19:20 of 2nd period - Conor Sheary is hit by Tomas Fleischmann and loses puck.
19:45 of 2nd period - Brandon Sutter is hit by Marc Staal.
Goals for this period are 0 for Avalanche vs 1 for Lightning.
Shots for this period are 3 for Avalanche vs 7 for Lightning.
3rd period
0:01 of 3rd period - Mark Scheifele wins face-off versus Patric Hornqvist in neutral zone.
0:04 of 3rd period - Slapshot by Shayne Gostisbehere.
0:04 of 3rd period - Shot Misses the Net.
0:06 of 3rd period - Slapshot by Kevin Shattenkirk.
0:06 of 3rd period - Deflect By Marc Staal.
0:06 of 3rd period - Stopped by Cam Ward with a rebound.
0:52 of 3rd period - Snap shot by Oscar Sundqvist.
0:52 of 3rd period - Goal by Oscar Sundqvist - Avalanche : 1 - Lightning : 3.
0:53 of 3rd period - Bryan Little wins face-off versus Mark Scheifele in neutral zone.
1:31 of 3rd period - Snap shot by Brandon Sutter.
1:31 of 3rd period - Stopped by Cam Ward with a rebound.
1:47 of 3rd period - Snap shot by Jimmy Vesey.
1:47 of 3rd period - Goal by Jimmy Vesey - Avalanche : 1 - Lightning : 4.
1:48 of 3rd period - Mark Scheifele wins face-off versus Bryan Little in neutral zone.
1:52 of 3rd period - Minor Penalty to Patric Hornqvist for Boarding.
1:53 of 3rd period - Mikkel Boedker wins face-off versus Mark Scheifele in Avalanche zone.
2:39 of 3rd period - Snap shot by Bryan Little.
2:39 of 3rd period - Shot Blocked by Shayne Gostisbehere.
3:52 of 3rd period - Penalty to Patric Hornqvist is over, Patric Hornqvist is back on ice.
4:25 of 3rd period - Conor Sheary is hit by Evgeny Dadonov and loses puck.
4:40 of 3rd period - Brandon Sutter is hit by Luke Witkowski and loses puck.
4:53 of 3rd period - Nathan Gerbe is hit by Jack Johnson and loses puck.
4:58 of 3rd period - Snap shot by Mikkel Boedker.
4:58 of 3rd period - Stopped by Alex Nedeljkovic without a rebound.
4:59 of 3rd period - Bryan Little wins face-off versus Mark Scheifele in Lightning zone.
5:13 of 3rd period - Minor Penalty to Brent Seabrook for Hooking.
5:14 of 3rd period - Patric Hornqvist wins face-off versus Mark Scheifele in Lightning zone.
5:49 of 3rd period - Snap shot by Evgeny Dadonov.
5:49 of 3rd period - Stopped by Alex Nedeljkovic with a rebound.
7:13 of 3rd period - Penalty to Brent Seabrook is over, Brent Seabrook is back on ice.
7:48 of 3rd period - Snap shot by Nick Cousins.
7:48 of 3rd period - Stopped by Alex Nedeljkovic with a rebound.
7:50 of 3rd period - Snap shot by Nick Cousins.
7:50 of 3rd period - Shot Blocked by Justin Schultz.
8:10 of 3rd period - Slapshot by Brent Seabrook.
8:10 of 3rd period - Deflect By Oscar Sundqvist.
8:10 of 3rd period - Shot Blocked by Tomas Fleischmann.
8:10 of 3rd period - Puck is out of play.
8:11 of 3rd period - Charlie Coyle wins face-off versus Oscar Sundqvist in Avalanche zone.
9:10 of 3rd period - Backhand shot by Jimmy Vesey.
9:10 of 3rd period - Shot Misses the Net.
9:24 of 3rd period - Conor Sheary is hit by Colten Teubert and loses puck.
9:43 of 3rd period - Backhand shot by Patric Hornqvist.
9:43 of 3rd period - Stopped by Alex Nedeljkovic without a rebound.
9:44 of 3rd period - Mark Scheifele wins face-off versus Bryan Little in Lightning zone.
10:11 of 3rd period - Marc Staal is hit by James Neal and loses puck.
10:39 of 3rd period - Snap shot by Ondrej Palat.
10:39 of 3rd period - Shot Blocked by James Van Riemsdyk.
10:41 of 3rd period - Slapshot by Ondrej Palat.
10:41 of 3rd period - Shot Blocked by Erik Karlsson.
10:43 of 3rd period - Snap shot by Nathan Gerbe.
10:43 of 3rd period - Stopped by Cam Ward without a rebound.
10:44 of 3rd period - Bryan Little wins face-off versus Nick Bjugstad in Avalanche zone.
10:54 of 3rd period - Off-side.
10:55 of 3rd period - Bryan Little wins face-off versus Mark Scheifele in neutral zone.
11:39 of 3rd period - Minor Penalty to Brent Seabrook for Hooking.
11:40 of 3rd period - Bryan Little wins face-off versus Kyle Clifford in Lightning zone.
11:44 of 3rd period - Wrist shot by Mikkel Boedker.
11:44 of 3rd period - Shot Misses the Net.
11:46 of 3rd period - Slapshot by Marc Staal.
11:46 of 3rd period - Goal by Marc Staal - Avalanche : 2 - Lightning : 4.
11:47 of 3rd period - Mark Scheifele wins face-off versus Bryan Little in neutral zone.
11:52 of 3rd period - Snap shot by Tyler Toffoli.
11:52 of 3rd period - Stopped by Cam Ward without a rebound.
11:53 of 3rd period - Bryan Little wins face-off versus Mark Scheifele in Avalanche zone.
12:06 of 3rd period - Slapshot by Shayne Gostisbehere.
12:06 of 3rd period - Stopped by Cam Ward with a rebound.
12:08 of 3rd period - Backhand shot by Mark Scheifele.
12:08 of 3rd period - Stopped by Cam Ward with a rebound.
12:10 of 3rd period - Snap shot by Tyler Toffoli.
12:10 of 3rd period - Shot Blocked by Patric Hornqvist.
12:20 of 3rd period - Snap shot by Jimmy Vesey.
12:20 of 3rd period - Stopped by Cam Ward with a rebound.
12:22 of 3rd period - Snap shot by Oscar Sundqvist.
12:22 of 3rd period - Stopped by Cam Ward without a rebound.
12:23 of 3rd period - Oscar Sundqvist wins face-off versus Charlie Coyle in Avalanche zone.
12:36 of 3rd period - Snap shot by Evgeny Dadonov.
12:36 of 3rd period - Stopped by Alex Nedeljkovic without a rebound.
12:37 of 3rd period - Nick Bjugstad wins face-off versus Patric Hornqvist in Lightning zone.
12:37 of 3rd period - Nick Bjugstad is hit by Bryan Little.
12:53 of 3rd period - Snap shot by Mikkel Boedker.
12:53 of 3rd period - Stopped by Alex Nedeljkovic without a rebound.
12:54 of 3rd period - Charlie Coyle wins face-off versus Brandon Sutter in Lightning zone.
12:59 of 3rd period - Wrist shot by Tomas Fleischmann.
12:59 of 3rd period - Shot Misses the Net.
13:07 of 3rd period - Wrist shot by Charlie Coyle.
13:07 of 3rd period - Shot Misses the Net.
13:09 of 3rd period - Wrist shot by Marc Staal.
13:09 of 3rd period - Stopped by Alex Nedeljkovic without a rebound.
13:10 of 3rd period - Bryan Little wins face-off versus Mark Scheifele in Lightning zone.
13:41 of 3rd period - Mattias Ekholm is hit by Shayne Gostisbehere and loses puck.
13:46 of 3rd period - Wrist shot by Tomas Fleischmann.
13:46 of 3rd period - Shot Hit the Post.
13:48 of 3rd period - Slapshot by Mattias Ekholm.
13:48 of 3rd period - Shot Blocked by Kevin Shattenkirk.
14:46 of 3rd period - Backhand shot by Nick Bjugstad.
14:46 of 3rd period - Stopped by Cam Ward with a rebound.
15:02 of 3rd period - Brent Seabrook is hit by Evgeny Dadonov and loses puck.
15:47 of 3rd period - Nick Bjugstad is hit by Mikkel Boedker and loses puck.
16:12 of 3rd period - Slapshot by Luke Witkowski.
16:12 of 3rd period - Stopped by Alex Nedeljkovic with a rebound.
16:20 of 3rd period - Wrist shot by Jesper Fast.
16:20 of 3rd period - Stopped by Cam Ward without a rebound.
16:21 of 3rd period - Vincent Trocheck wins face-off versus Oscar Sundqvist in Avalanche zone.
16:38 of 3rd period - Snap shot by James Van Riemsdyk.
16:38 of 3rd period - Stopped by Alex Nedeljkovic with a rebound.
17:01 of 3rd period - Wrist shot by Tyler Toffoli.
17:01 of 3rd period - Stopped by Cam Ward without a rebound.
17:02 of 3rd period - Charlie Coyle wins face-off versus Brandon Sutter in Avalanche zone.
18:15 of 3rd period - Off-side.
18:16 of 3rd period - Charlie Coyle wins face-off versus Mark Scheifele in neutral zone.
18:21 of 3rd period - Wrist shot by Tomas Fleischmann.
18:21 of 3rd period - Shot Misses the Net.
19:23 of 3rd period - Shayne Gostisbehere is hit by Vincent Trocheck and loses puck.
19:32 of 3rd period - Wrist shot by Luke Witkowski.
19:32 of 3rd period - Stopped by Alex Nedeljkovic without a rebound.
19:33 of 3rd period - Brandon Sutter wins face-off versus Luke Witkowski in Lightning zone.
19:58 of 3rd period - Evgeny Dadonov is hit by Jimmy Vesey.
Goals for this period are 1 for Avalanche vs 2 for Lightning.
Shots for this period are 11 for Avalanche vs 13 for Lightning.